 Dungeon Crawl Stone Soup version 0.18-a0-241-g014938f (webtiles) character file.

46 Proton the Shield-Bearer (level 3, -3/29 HPs)
             Began as a Formicid Fighter on Nov 25, 2015.
             Slain by Sigmund
             ... wielding a +1 scythe of venom
              (4 damage)
             ... on level 2 of the Dungeon.
             The game lasted 00:02:22 (1180 turns).

Proton the Shield-Bearer (Formicid Fighter)         Turns: 1180, Time: 00:02:22

Health: -3/29      AC:  7    Str: 21    XL:     3   Next: 95%
Magic:  3/3        EV:  8    Int:  7    God:
Gold:   108        SH:  9    Dex: 10    Spells: 0 memorised, 2 levels left

rFire  . . .     SeeInvis +     a - +0 war axe
rCold  . . .     Clarity  .     b - +0 scale mail
rNeg   . . .     SustAt   .     c - +0 shield
rPois  .         Gourm    .     (helmet unavailable)
rElec  .         Spirit   .     (no cloak)
rCorr  .         Warding  .     (no gloves)
rMut   .         Stasis   +     (no boots)
MR     .....                    (no amulet)
Stlth  ..........               e - ring of invisibility
                                (no ring)

@: lethally poisoned (-3 -> -18), not resistant to hostile enchantments,
extremely unstealthy
A: permanent stasis, dig shafts and tunnels, four strong arms, antennae 3
a: Dig, Shaft Self, Evoke Invisibility


You were on level 2 of the Dungeon.
You were not hungry.

You visited 1 branch of the dungeon, and saw 2 of its levels.

You collected 108 gold pieces.

Inventory:

Hand Weapons
 a - a +0 war axe (weapon)
Armour
 b - a +0 scale mail (worn)
 c - a +0 shield (worn)
Jewellery
 e - a ring of invisibility (right hand)
Scrolls
 f - a scroll of enchant weapon {unknown}
 h - a scroll of remove curse {unknown}
 k - a scroll of amnesia {unknown}
 m - a scroll of magic mapping {unknown}
 n - a scroll of identify {unknown}
Potions
 d - a potion of might
 i - a potion of cancellation {unknown}
 j - a potion of flight {unknown}
 l - a potion of heal wounds {unknown}
 p - 2 potions of curing {unknown}
Comestibles
 o - a meat ration
 q - a bread ration
 r - a beef jerky


   Skills:
 + Level 3.5 Fighting
 + Level 2.4 Axes
 + Level 3.8 Armour
 + Level 1.1 Dodging
 + Level 4.0 Shields


You had 2 spell levels left.
You didn't know any spells.

Dungeon Overview and Level Annotations

Branches:
Dungeon (2/15)

Altars:

Annotations:
D:2 Sigmund


Innate Abilities, Weirdness & Mutations

You are under a permanent stasis effect.
You can dig through walls and to a lower floor.
Your four strong arms can wield two-handed weapons with a shield.
You have a pair of large antennae on your head (SInv).


Message History

You're too confused to move!
You feel sick.
You miss Sigmund.
Sigmund is moderately wounded.
You feel sick.
Sigmund hits you with a scythe of venom!
* * * LOW HITPOINT WARNING * * *
You are lethally poisoned!
You bump into the rock wall.
* * * LOW HITPOINT WARNING * * *
You feel sick.
You bump into the rock wall.
* * * LOW HITPOINT WARNING * * *
You feel sick.
Sigmund points at you and mumbles some strange words.
You resist with some effort.
You feel less confused.
* * * LOW HITPOINT WARNING * * *
You feel sick.
Sigmund hits you with a scythe of venom.
You die...

.................#....
........................
#######...............#....
....................=#....
#...###...#########.#....
###?..#..#... #.#....
#.....'..#.##### #.##+#.
#.#...#.##@#...# #..#.##
#.$.#.).@#...# #=.#.##
#.#...######...# #....#
#..........'...#.####.#..#
##.....#####...#.........#
#.....# #.†.######..#.#
#.....# #.### ###..#.##
#...... #.# #....#..#
#.$.... #.# #....#..#
#....... {#.# #....#...


You could see Sigmund.

Vanquished Creatures
  An adder (D:2)
  An ooze (D:2)
  2 worms (D:2)
  A giant gecko (D:2)
  2 giant cockroaches
  3 goblins
  A hobgoblin (D:1)
  2 bats (D:1)
  5 giant newts
  7 kobolds
  A quokka (D:2)
  6 rats
32 creatures vanquished.

Notes
Turn   | Place    | Note
--------------------------------------------------------------
     0 | D:1      | Proton the Formicid Fighter began the quest for the Orb.
     0 | D:1      | Reached XP level 1. HP: 18/18 MP: 1/1
   299 | D:1      | Reached XP level 2. HP: 21/24 MP: 2/2
   772 | D:2      | Reached skill level 1 in Dodging
   772 | D:2      | Reached XP level 3. HP: 24/29 MP: 3/3
  1168 | D:2      | Noticed Sigmund
  1171 | D:2      | Reached skill level 4 in Shields
  1180 | D:2      | HP: 1/29 [poisoned by Sigmund]
  1180 | D:2      | Slain by Sigmund

Vault maps used:
D:1:      dpeg_arrival_rhombus, kennysheep_crisscross, minmay_strange_pillars
D:2:      eino_tiny_chamber, uniq_sigmund

Action                   || total
-------------------------++-------
Melee: War axe           ||    99
  Eat: Bread ration      ||     1
